 Dungeon Crawl Stone Soup version 0.31-a0-174-g85c54bcb58 (webtiles) character file.

Game seed: 1992819885482448028

89 qw the Shooter (level 4, -4/40 HPs)
             Began as a Naga Hunter on June 15, 2023.
             Slain by a water moccasin (6 damage)
             ... on level 3 of the Dungeon.
             The game lasted 00:00:41 (1617 turns).

qw the Shooter (Naga Hunter)                        Turns: 1617, Time: 00:00:42

Health: -4/40      AC:  5    Str: 13    XL:     4   Next: 55%
Magic:  4/4        EV:  9    Int: 10    God:
Gold:   98         SH:  0    Dex: 16    Spells: 3/3 levels left

rFire   . . .        Y - +0 shortbow
rCold   + . .        (shield currently unavailable)
rNeg    + . .        c - +0 leather armour
rPois   +            e - +2 helmet
rElec   +            (no cloak)
rCorr   .            (no gloves)
SInv    +            (no barding)
Will    .....        (no amulet)
Stlth   ++           b - ring "Geiddyil" {rElec rPois rC+ rN+}
HPRegen 0.26/turn    (no ring)
MPRegen 0.09/turn

%: no passive effects
@: lethally poisoned (-4 -> -9), very slow
A: AC +1, large, see invisible, deformed body, poison resistance, slowness 2,
spit poison 1, naga tail 1
a: Spit Poison


You were on level 3 of the Dungeon.
You visited 1 branch of the dungeon, and saw 3 of its levels.

You collected 98 gold pieces.


Innate Abilities, Weirdness & Mutations

Your serpentine skin is tough. (AC +1)
You have supernaturally acute eyesight. (SInv)
Armour fits poorly on your strangely shaped body.
Your system is resistant to poisons. (rPois)
You cover ground very slowly.
You can spit poison.
You have a snake-like lower body.


   Skills:
 + Level 2.8 Fighting
 - Level 5.0 Ranged Weapons
 - Level 1.5 Dodging
 - Level 1.5 Stealth


You had 3 spell levels left.
You didn't know any spells.
Your spell library was empty.

Inventory:

Hand Weapons
 Y - a +0 shortbow (weapon)
Armour
 c - a +0 leather armour (worn)
 e - a +2 helmet (worn)
Jewellery
 b - the ring "Geiddyil" (left hand) {rElec rPois rC+ rN+}
   (You acquired it on level 2 of the Dungeon)

   [ring of positive energy]

   rC:        It protects you from cold.
   rElec:     It insulates you from electricity.
   rPois:     It protects you from poison.
   rN:        It protects you from negative energy.
Scrolls
 f - a scroll of identify
 h - a scroll of enchant armour
Potions
 a - a potion of berserk rage {unknown}
 d - 2 potions of curing {unknown}
 g - a potion of attraction {unknown}
 j - a potion of cancellation {unknown}

Dungeon Overview and Level Annotations

Branches:
Dungeon (3/15)

Altars:

Shops:
D:1 :

Annotations:
D:1 2 transporters


Message History

The splash of poison hits the adder.
The adder is poisoned.
The adder is heavily wounded.
The water moccasin bites you but does no damage.
The water moccasin completely misses you.
You shoot an arrow.
The arrow closely misses the water moccasin.
The water moccasin closely misses you.
You shoot an arrow. The arrow hits the adder.
You kill the adder!
The water moccasin bites you but does no damage.
The water moccasin bites you.
You shoot an arrow.
The arrow barely misses the water moccasin.
The water moccasin misses you.
You shoot an arrow.
The arrow barely misses the water moccasin.
The water moccasin bites you. x2
You shoot an arrow.
The arrow barely misses the water moccasin.
The water moccasin bites you. The water moccasin barely misses you.
You shoot an arrow. The arrow hits the water moccasin!
The water moccasin is moderately wounded.
You have got your breath back.
The water moccasin bites you but does no damage.
You shoot an arrow. The arrow hits the water moccasin!
The water moccasin is heavily wounded.
The water moccasin barely misses you. The water moccasin bites you.
You shoot an arrow. The arrow hits the water moccasin.
The water moccasin is severely wounded.
The water moccasin bites you.
You are poisoned.
The water moccasin poisons you! The water moccasin bites you.
You shoot an arrow. The arrow hits the water moccasin.
The water moccasin is severely wounded.
You feel very sick. The water moccasin bites you.
You shoot an arrow.
The arrow barely misses the water moccasin.
You feel sick. The water moccasin bites you.
You die...

. ##.. ##. ##.....
#..#############...#
............##.@S#
#.............###
#..).......####
#..........#
#..........#
#.)...<....#
#..(.......#
############


You could see a water moccasin.

Vanquished Creatures
  3 adders
  A worm (D:2)
  3 dart slugs (D:2)
  7 endoplasms
  2 giant cockroaches
  4 goblins
  3 hobgoblins
  5 jackals
  4 kobolds
  2 quokkas
  7 ball pythons
  3 bats (D:2)
  2 frilled lizards (D:2)
  3 rats (D:2)
49 creatures vanquished.

Notes
Turn   | Place    | Note
-------+----------+-------------------------------------------
     0 | D:1      | qw the Naga Hunter began the quest for the Orb.
     0 | D:1      | Reached XP level 1. HP: 19/19 MP: 1/1
     0 | D:1      | 0 ||| qw: Version: 0.2-a-29-g511e9b1
     0 | D:1      | 0 ||| qw: Game counter: 5186
     0 | D:1      | 0 ||| qw: Always use a shield: true
     0 | D:1      | 0 ||| qw: God list: Okawaru
     0 | D:1      | 0 ||| qw: Allow faded altars: false
     0 | D:1      | 0 ||| qw: Do Orc after D:15 true
     0 | D:1      | 0 ||| qw: Do second Lair branch before Depths: true
     0 | D:1      | 0 ||| qw: Lair rune preference: random
     0 | D:1      | 0 ||| qw: Plans: Normal
     0 | D:1      | 0 ||| PLANNING D:1-11
    11 | D:1      | 11 ||| INVOKING Spit Poison.
    17 | D:1      | 17 ||| INVOKING Spit Poison.
    18 | D:1      | HP: 4/19 [jackal (1)]
    20 | D:1      | 20 ||| INVOKING Spit Poison.
   137 | D:1      | 137 ||| INVOKING Spit Poison.
   163 | D:1      | 163 ||| INVOKING Spit Poison.
   170 | D:1      | Reached skill level 4 in Ranged Weapons
   170 | D:1      | Reached XP level 2. HP: 21/26 MP: 2/2
   239 | D:1      | 239 ||| INVOKING Spit Poison.
   262 | D:1      | Found Poffaahe's Book Shoppe.
   535 | D:1      | You fall into a shaft and drop 1 floor!
   539 | D:2      | 539 ||| INVOKING Spit Poison.
   543 | D:2      | 543 ||| INVOKING Spit Poison.
   544 | D:2      | 544 ||| INVOKING Spit Poison.
   550 | D:2      | 550 ||| INVOKING Spit Poison.
   563 | D:2      | 563 ||| INVOKING Spit Poison.
   653 | D:2      | 653 ||| READING scroll labelled EXELOW VUELEO.
   654 | D:2      | 654 ||| READING 3 scrolls labelled LUARUD YHIH.
   655 | D:2      | 655 ||| READING 3 scrolls labelled FEAN XONIUFOV.
   656 | D:2      | 656 ||| READING scroll labelled ETENENTAUNA.
   657 | D:2      | 657 ||| READING 2 scrolls of identify.
   657 | D:2      | 657 ||| IDENTIFYING bubbling amethyst potion
   658 | D:2      | 658 ||| DROPPING scroll of butterflies.
   659 | D:2      | 659 ||| DROPPING potion of enlightenment.
   664 | D:2      | 664 ||| FLEEEEING.
   665 | D:2      | 665 ||| STAIRDANCE
   692 | D:1      | 692 ||| INVOKING Spit Poison.
   904 | D:2      | 904 ||| INVOKING Spit Poison.
   905 | D:2      | Reached XP level 3. HP: 32/32 MP: 3/3
   941 | D:2      | 941 ||| INVOKING Spit Poison.
   947 | D:2      | 947 ||| INVOKING Spit Poison.
   994 | D:2      | 994 ||| INVOKING Spit Poison.
  1003 | D:2      | 1003 ||| INVOKING Spit Poison.
  1014 | D:2      | 1014 ||| INVOKING Spit Poison.
  1026 | D:2      | 1026 ||| INVOKING Spit Poison.
  1029 | D:2      | 1029 ||| INVOKING Spit Poison.
  1032 | D:2      | 1032 ||| INVOKING Spit Poison.
  1035 | D:2      | 1035 ||| INVOKING Spit Poison.
  1041 | D:2      | 1041 ||| INVOKING Spit Poison.
  1123 | D:2      | 1123 ||| INVOKING Spit Poison.
  1124 | D:2      | 1124 ||| INVOKING Spit Poison.
  1168 | D:2      | 1168 ||| INVOKING Spit Poison.
  1170 | D:2      | Reached skill level 5 in Ranged Weapons
  1180 | D:2      | 1180 ||| INVOKING Spit Poison.
  1183 | D:2      | Reached XP level 4. HP: 39/39 MP: 4/4
  1242 | D:2      | 1242 ||| INVOKING Spit Poison.
  1248 | D:2      | 1248 ||| INVOKING Spit Poison.
  1298 | D:2      | 1298 ||| INVOKING Spit Poison.
  1305 | D:2      | 1305 ||| INVOKING Spit Poison.
  1326 | D:2      | 1326 ||| INVOKING Spit Poison.
  1353 | D:2      | 1353 ||| INVOKING Spit Poison.
  1356 | D:2      | 1356 ||| INVOKING Spit Poison.
  1362 | D:2      | 1362 ||| INVOKING Spit Poison.
  1474 | D:2      | 1474 ||| INVOKING Spit Poison.
  1557 | D:2      | 1557 ||| UPGRADING to +1 helmet.
  1562 | D:2      | 1562 ||| READING 2 scrolls of enchant armour.
  1562 | D:2      | 1562 ||| ENCHANTING +1 helmet.
  1563 | D:2      | 1563 ||| READING scroll labelled CETYOTTIUSCH.
  1564 | D:2      | 1564 ||| READING scroll labelled FAOPOA HUBRU.
  1564 | D:2      | Identified a scroll of acquirement
  1564 | D:2      | 1564 ||| ACQUIRING ring "Geiddyil" {rElec rPois rC+ rN+}
  1564 | D:2      | Acquired the ring "Geiddyil" {rElec rPois rC+ rN+}
  1566 | D:2      | 1566 ||| UPGRADING to ring "Geiddyil" {rElec rPois rC+
                  | rN+}.
  1583 | D:3      | 1583 ||| INVOKING Spit Poison.
  1601 | D:3      | Noticed a water moccasin
  1607 | D:3      | 1607 ||| INVOKING Spit Poison.
  1616 | D:3      | HP: 10/40 [poisoned by a water moccasin]
  1616 | D:3      | HP: 4/40 [water moccasin (6)]
  1617 | D:3      | Slain by a water moccasin

Levels and vault maps discovered:
D:1:      spicycebolla_arrival_transporter_tutorial, layout_basic, serial_shops,
          nicolae_shop_back_alley_shop
D:2:      layout_basic, minmay_fractal_squares_5
D:3:      layout_rooms, serial_shops, nicolae_shop_tiny_glass

Skill      XL: |  1  2  3 |
---------------+----------+-----
Ranged Weapons | 4 5 |  5.0
Fighting       | |  2.8
Dodging        | |  1.5
Stealth        | |  1.5

Action                     |  1- 3 |  4- 6 || total
---------------------------+-------+-------++-------
   Fire: Shortbow          |    76 |    53 ||   129
Ability: Spit Poison       |    25 |    11 ||    36
    Use: Scroll            |     5 |     3 ||     8
 Armour: Leather armour    |    25 |     6 ||    31
  Dodge: Dodged            |    32 |    13 ||    45

Table legend:
 A = Non-vault XP
 B = Vault XP
 C = Vault XP percentage of total XP
 D = Non-vault monster count
 E = Vault monster count
 F = Vault count percentage of total count
                 A         B        C        D         E       F
            +---------+---------+-------+---------+---------+-------
      Total |     117 |      11 |   8.6 |      42 |       7 |  14.3
            +---------+---------+-------+---------+---------+-------
        D:1 |      21 |       0 |   0.0 |      11 |       0 |   0.0
        D:2 |      79 |      11 |  12.2 |      28 |       7 |  20.0
        D:3 |      17 |       0 |   0.0 |       3 |       0 |   0.0
            +---------+---------+-------+---------+---------+-------
